Map: Blackpink LE

Players

CinDra

  • Race: Zerg Zerg
  • League: Silver
  • Spawn Location: 1:00

FlyntCoal - Winner!

  • Race: Zerg Zerg
  • League: Silver
  • Spawn Location: 7:00

VOD

Have the link to the VOD?

Description

Time

  • Played on: Feb. 22, 2018, 1:19 p.m.
  • Length: 5:24
Show
View Real Time Build Order
Export as new Build Order

CinDra Zerg 

Build Orders: Hatch First 

Get SALT Encoding   

  12  0:01  Drone  
  13  0:12  Overlord  
  13  0:19  Drone  
  14  0:31  Drone x2  
  16  0:37  Drone  
  17  0:55  Hatchery  
  16  0:57  Drone  
  17  1:07  Drone x2  
  19  1:18  Spawning Pool  
  19  1:21  Drone  
  19  1:37  Drone  
  20  1:52  Drone x2  
  22  2:03  Overlord  
  22  2:05  Extractor  
  22  2:08  Zergling x2  
  22  2:11  Queen x2  
  22  2:12  Zergling x2  
  27  2:22  Drone x2  
  29  2:36  Drone x2  
  31  2:43  Drone  
  32  2:46  Drone  
  32  2:49  Extractor  
  30  2:56  Zergling x2  
  30  2:57  Zergling x2  
  28  3:11  Zergling x4  
  27  3:28  Zergling x8  
  29  3:40  Zergling x4  
  31  3:46  Queen  
  32  3:51  Zergling x4  
  30  4:00  Zergling x2  
  30  4:01  Zergling x2  
  11  4:37  Queen  
  11  4:38  Drone  
  11  4:39  Zergling x4  
  11  4:40  Zergling x6  
  17  4:52  Drone  
  18  5:06  Drone  
Show
View Real Time Build Order
Export as new Build Order

FlyntCoal Zerg - Winner!

Build Orders: Pool First 

Get SALT Encoding   

  12  0:01  Drone  
  13  0:08  Extractor  
  12  0:25  Spawning Pool  
  11  0:31  Drone  
  11  0:34  Drone  
  13  0:40  Drone  
  14  0:49  Extractor  
  14  0:50  Drone  
  15  0:59  Overlord  
  15  1:11  Metabolic Boost  
  15  1:19  Zergling x4  
  17  1:26  Zergling x2  
  17  1:32  Queen  
  20  1:39  Zergling x2  
  21  1:46  Overlord  
  21  1:57  Zergling x2  
  22  2:13  Hatchery  
  22  2:14  Zergling x2  
  22  2:21  Zergling x2  
  23  2:34  Zergling x2  
  23  2:43  Zergling x2  
  25  2:44  Zergling x6  
  24  3:17  Zergling x10  
  24  3:18  Zergling x2  
  29  3:44  Queen  
  29  3:45  Zergling x2  
  29  3:46  Zergling x2  
  33  3:52  Zergling x2  
  26  4:27  Zergling x10  
  29  4:33  Zergling x4, Drone  
  31  4:44  Queen  
  32  4:46  Zergling x2  
  32  4:54  Zergling x2  
Tags
 
Add a new tag
Caveats
  • Supply blocks, unpowered buildings, or Contaminate may cause inaccurate times.
  • Supply counts are checked every 10 seconds.